| TOP OF THE 1ST |
|
Johnson City Cardinals batting - Pitching for Philadelphia (APP) Phillies : RHP Tony Machado
|
|
Pitching: RHP Tony Machado
|
|
|
Batting: RHB Juan Carrillo
|
0-0: Ball 1-0: SINGLE (Groundball, 34D, EV 106.9 MPH)
|
|
Batting: RHB Kyle Burns
|
Pickoff Play to 1st, Runner tries for 2nd, OUT after rundown. 0-0: Swinging Strike 0-1: Ball 1-1: Ball 2-1: Foul Ball, location: 2F 2-2: Foul Ball, location: 2F 2-2: Ball 3-2: SINGLE (Line Drive, 9LS, EV 98.1 MPH)
|
|
Batting: SHB Justin Houser
|
0-0: Ball 1-0: Foul Ball, location: 2F 1-1: Ball 2-1: SINGLE (Groundball, 3D, EV 100.0 MPH) Kyle Burns to second Runner from 2nd tries for 3rd, SAFE, throw by RF made to third
|
|
Batting: LHB Ignacio Ocampo
|
0-0: Called Strike 0-1: Swinging Strike 0-2: Strikes out swinging
|
|
Batting: RHB McGwire Jones
|
0-0: Ball 1-0: Foul Ball, location: 2F 1-1: Ball 2-1: Foul Ball, location: 2F 2-2: Strikes out swinging
|
| Top of the 1st over - 0 runs, 3 hits, 0 errors, 2 left on base; Johnson City 0 - Philadelphia (APP) 0 |
| BOTTOM OF THE 1ST |
|
Philadelphia (APP) Phillies batting - Pitching for Johnson City Cardinals : LHP David Salas
|
|
Pitching: LHP David Salas
|
|
|
Batting: LHB Jonathan Roman
|
0-0: Ball 1-0: Ball 2-0: Foul Ball, location: 2F 2-1: Foul Ball, location: 2F 2-2: Ball 3-2: Foul Ball, location: 2F 3-2: Foul Ball, location: 2F 3-2: Fly out, F5 (Popup, 25F, EV 94.4 MPH)
|
|
Batting: RHB Dave Gallegos
|
0-0: Called Strike 0-1: Foul Ball, location: 2F 0-2: Ball 1-2: Ball 2-2: Ball 3-2: Foul Ball, location: 2F 3-2: Foul Ball, location: 2F 3-2: Strikes out swinging, 2-3 out at first.
|
|
Batting: LHB Rich Kuehne
|
0-0: Called Strike 0-1: Foul Ball, location: 2F 0-2: Ball 1-2: Strikes out swinging
|
| Bottom of the 1st over - 0 runs, 0 hits, 0 errors, 0 left on base; Johnson City 0 - Philadelphia (APP) 0 |
| TOP OF THE 2ND |
|
Johnson City Cardinals batting - Pitching for Philadelphia (APP) Phillies : RHP Tony Machado
|
|
Batting: RHB Jonathan Winkler
|
0-0: Ball 1-0: Swinging Strike 1-1: Swinging Strike 1-2: Strikes out looking
|
|
Batting: SHB Justin Towry
|
0-0: Ball 1-0: Swinging Strike 1-1: Ball 2-1: Swinging Strike 2-2: Ground out 5-3 (Groundball, 6, EV 85.6 MPH)
|
|
Batting: RHB Pablo Nunez
|
0-0: SINGLE (Line Drive, 89S, EV 106.9 MPH)
|
|
Batting: RHB Chris Rouleau
|
0-0: Called Strike 0-1: Ball 1-1: Ball 2-1: Foul Ball, location: 2F 2-2: SINGLE (Line Drive, 7S, EV 108.1 MPH) Pablo Nunez to second
|
|
Batting: RHB Juan Carrillo
|
0-0: Foul Ball, location: 2F 0-1: Ball 1-1: Ball 2-1: Ball 3-1: Base on Balls Pablo Nunez to third Chris Rouleau to second
|
|
Batting: RHB Kyle Burns
|
0-0: Ball 1-0: Fly out, F6 (Popup, 6M, EV 64.4 MPH)
|
| Top of the 2nd over - 0 runs, 2 hits, 0 errors, 3 left on base; Johnson City 0 - Philadelphia (APP) 0 |
| BOTTOM OF THE 2ND |
|
Philadelphia (APP) Phillies batting - Pitching for Johnson City Cardinals : LHP David Salas
|
|
Batting: SHB Brett St. Clair
|
0-0: Ball 1-0: Ball 2-0: Called Strike 2-1: SOLO HOME RUN (Flyball, 78XD, EV 104.4 MPH), Distance : 406 ft
|
|
Batting: RHB Joel Gomez
|
0-0: Swinging Strike 0-1: Foul Ball, location: 2F 0-2: Strikes out swinging
|
|
Batting: RHB Juan Valadez
|
0-0: Ball 1-0: Foul Ball, location: 2F 1-1: Swinging Strike 1-2: Ball 2-2: Foul Ball, location: 2F 2-2: Foul Ball, location: 2F 2-2: Ball 3-2: Strikes out looking
|
|
Batting: RHB Simon Mergeni
|
0-0: Foul Ball, location: 2F 0-1: Ground out 4-3 (Groundball, 13, EV 80.6 MPH)
|
| Bottom of the 2nd over - 1 run, 1 hit, 0 errors, 0 left on base; Johnson City 0 - Philadelphia (APP) 1 |
| TOP OF THE 3RD |
|
Johnson City Cardinals batting - Pitching for Philadelphia (APP) Phillies : RHP Tony Machado
|
|
Batting: SHB Justin Houser
|
0-0: Ball 1-0: Ball 2-0: SINGLE (Groundball, 4MS, EV 66.2 MPH) (infield hit)
|
|
Batting: LHB Ignacio Ocampo
|
0-0: Called Strike 0-1: Ball 1-1: Called Strike 1-2: Foul Ball, location: 2F 1-2: Strikes out swinging
|
|
Batting: RHB McGwire Jones
|
0-0: Ball 1-0: Ball 2-0: Fly out, F7 (Line Drive, 78M, EV 85.6 MPH)
|
|
Batting: RHB Jonathan Winkler
|
0-0: Called Strike 0-1: Ball 1-1: Fielders Choice at 2nd, 6-4 (Groundball, 6, EV 108.8 MPH)
|
| Top of the 3rd over - 0 runs, 1 hit, 0 errors, 1 left on base; Johnson City 0 - Philadelphia (APP) 1 |
| BOTTOM OF THE 3RD |
|
Philadelphia (APP) Phillies batting - Pitching for Johnson City Cardinals : LHP David Salas
|
|
Batting: LHB Travis Hahn
|
0-0: Ball 1-0: Foul Ball, location: 2F 1-1: Called Strike 1-2: Ball 2-2: Foul Ball, location: 2F 2-2: Ball 3-2: Ground out 6-3 (Groundball, 6MS, EV 64.4 MPH)
|
|
Batting: RHB Rafael Soto
|
0-0: Ball 1-0: Called Strike 1-1: Ball 2-1: Ball 3-1: Foul Ball, location: 2F 3-2: Strikes out looking
|
|
Batting: LHB Jonathan Roman
|
0-0: Called Strike 0-1: Called Strike 0-2: SINGLE (Groundball, 34D, EV 97.5 MPH)
|
|
Batting: RHB Dave Gallegos
|
0-0: Ball 1-0: Fielders Choice at 2nd, 5-4 (Groundball, 5, EV 85.0 MPH)
|
| Bottom of the 3rd over - 0 runs, 1 hit, 0 errors, 1 left on base; Johnson City 0 - Philadelphia (APP) 1 |
| TOP OF THE 4TH |
|
Johnson City Cardinals batting - Pitching for Philadelphia (APP) Phillies : RHP Tony Machado
|
|
Batting: SHB Justin Towry
|
0-0: SOLO HOME RUN (Flyball, 9D, EV 96.2 MPH), Distance : 366 ft
|
|
Batting: RHB Pablo Nunez
|
0-0: Ground out U3 (Groundball, 34, EV 90.0 MPH)
|
|
Batting: RHB Chris Rouleau
|
0-0: Foul Ball, location: 2F 0-1: Ball 1-1: Ball 2-1: Ball 3-1: Foul Ball, location: 2F 3-2: Base on Balls
|
|
Batting: RHB Juan Carrillo
|
0-0: Ball 1-0: Called Strike 1-1: Ball 2-1: Ball 3-1: Base on Balls Chris Rouleau to second
|
|
Pitching: RHP Tim Starks
|
|
|
Batting: RHB Kyle Burns
|
0-0: Ball 1-0: Called Strike 1-1: Ball 2-1: Grounds into double play, 5-4-3 (Groundball, 56, EV 95.6 MPH)
|
| Top of the 4th over - 1 run, 1 hit, 0 errors, 1 left on base; Johnson City 1 - Philadelphia (APP) 1 |
| BOTTOM OF THE 4TH |
|
Philadelphia (APP) Phillies batting - Pitching for Johnson City Cardinals : LHP David Salas
|
|
Batting: LHB Rich Kuehne
|
0-0: Fly out, F8 (Flyball, 8LD, EV 107.5 MPH)
|
|
Batting: SHB Brett St. Clair
|
0-0: Swinging Strike 0-1: Ball 1-1: Ball 2-1: Foul Ball, location: 2F 2-2: Foul Ball, location: 2F 2-2: Ball 3-2: SOLO HOME RUN (Flyball, 7D, EV 93.8 MPH), Distance : 369 ft
|
|
Batting: RHB Joel Gomez
|
0-0: Foul Ball, location: 2F 0-1: Ball 1-1: Ball 2-1: Ball 3-1: Foul Ball, location: 2F 3-2: Foul Ball, location: 2F 3-2: SINGLE (Groundball, 34D, EV 106.2 MPH)
|
|
Batting: RHB Juan Valadez
|
0-0: Foul Ball, location: 2F 0-1: Ball 1-1: Ball Wild Pitch! Joel Gomez to second 2-1: Foul Ball, location: 2F 2-2: Ball 3-2: Strikes out looking
|
|
Batting: RHB Simon Mergeni
|
0-0: Ball 1-0: Called Strike 1-1: Called Strike 1-2: Foul Ball, location: 2F 1-2: Strikes out swinging
|
| Bottom of the 4th over - 1 run, 2 hits, 0 errors, 1 left on base; Johnson City 1 - Philadelphia (APP) 2 |
| TOP OF THE 5TH |
|
Johnson City Cardinals batting - Pitching for Philadelphia (APP) Phillies : RHP Tim Starks
|
|
Batting: SHB Justin Houser
|
0-0: Ball 1-0: Ball 2-0: Ball 3-0: Base on Balls
|
|
Batting: LHB Ignacio Ocampo
|
0-0: Ball 1-0: Fielders Choice at 2nd, 6-4 (Groundball, 56, EV 85.6 MPH)
|
|
Batting: RHB McGwire Jones
|
0-0: Called Strike Ignacio Ocampo steals 2nd base 0-1: Fly out, F8 (Flyball, 8LXD, EV 105.0 MPH) Runner from 2nd tags up, SAFE at 3rd, no throw by CF
|
|
Batting: RHB Jonathan Winkler
|
0-0: Foul Ball, location: 2F 0-1: Ball 1-1: Ball 2-1: Fly out, F9 (Flyball, 9LD, EV 97.5 MPH)
|
| Top of the 5th over - 0 runs, 0 hits, 0 errors, 1 left on base; Johnson City 1 - Philadelphia (APP) 2 |
| BOTTOM OF THE 5TH |
|
Philadelphia (APP) Phillies batting - Pitching for Johnson City Cardinals : LHP David Salas
|
|
Batting: LHB Travis Hahn
|
0-0: Hit by Pitch
|
|
Batting: RHB Rafael Soto
|
0-0: DOUBLE (Line Drive, 9LS, EV 90.6 MPH) Travis Hahn to third
|
|
Batting: LHB Jonathan Roman
|
0-0: Ball 1-0: Ball 2-0: Foul Ball, location: 2F 2-1: Called Strike 2-2: Fly out, F8 (Flyball, 8LM, EV 90.0 MPH) Runner from 3rd tags up, OUT at HOME! 8-2 Rafael Soto to third
|
|
Batting: RHB Dave Gallegos
|
0-0: Foul Ball, location: 2F 0-1: Ball 1-1: Ball 2-1: Foul Ball, location: 2F 2-2: Ball 3-2: Strikes out swinging
|
| Bottom of the 5th over - 0 runs, 1 hit, 0 errors, 1 left on base; Johnson City 1 - Philadelphia (APP) 2 |
| TOP OF THE 6TH |
|
Johnson City Cardinals batting - Pitching for Philadelphia (APP) Phillies : RHP Tim Starks
|
|
Batting: SHB Justin Towry
|
0-0: Ball 1-0: Ball 2-0: Swinging Strike 2-1: Ball 3-1: Foul Ball, location: 2F 3-2: Ground out 4-3 (Groundball, 4, EV 80.6 MPH)
|
|
Batting: RHB Pablo Nunez
|
0-0: Ball 1-0: SINGLE (Line Drive, 89S, EV 105.0 MPH)
|
|
Batting: RHB Chris Rouleau
|
0-0: Ball 1-0: Ball 2-0: Ball 3-0: Called Strike 3-1: Ground out 5-3 (Groundball, 56S, EV 87.5 MPH) Pablo Nunez to second
|
|
Pitching: LHP Ray Paul
|
|
|
Batting: RHB Juan Carrillo
|
0-0: Ball 1-0: Fly out, F7 (Flyball, 7S, EV 90.0 MPH)
|
| Top of the 6th over - 0 runs, 1 hit, 0 errors, 1 left on base; Johnson City 1 - Philadelphia (APP) 2 |
| BOTTOM OF THE 6TH |
|
Philadelphia (APP) Phillies batting - Pitching for Johnson City Cardinals : LHP David Salas
|
|
Batting: LHB Rich Kuehne
|
0-0: Ball 1-0: Called Strike 1-1: Ball 2-1: Called Strike 2-2: Foul Ball, location: 2F 2-2: Foul Ball, location: 2F 2-2: Ball 3-2: Fly out, F4 (Flyball, 4MD, EV 85.0 MPH)
|
|
Batting: SHB Brett St. Clair
|
0-0: Called Strike 0-1: Foul Ball, location: 2F 0-2: Ground out 6-3 (Groundball, 56, EV 100.0 MPH)
|
|
Batting: RHB Joel Gomez
|
0-0: Called Strike 0-1: Foul Ball, location: 2F 0-2: Ground out U3 (Groundball, 3, EV 79.4 MPH)
|
| Bottom of the 6th over - 0 runs, 0 hits, 0 errors, 0 left on base; Johnson City 1 - Philadelphia (APP) 2 |
| TOP OF THE 7TH |
|
Johnson City Cardinals batting - Pitching for Philadelphia (APP) Phillies : LHP Ray Paul
|
|
Batting: RHB Kyle Burns
|
0-0: Called Strike 0-1: Foul Ball, location: 2F 0-2: Ball 1-2: Ball 2-2: Ball 3-2: Foul Ball, location: 2F 3-2: DOUBLE (Flyball, 8LXD, EV 90.0 MPH)
|
|
Batting: SHB Justin Houser
|
0-0: Ball Wild Pitch! Kyle Burns to third 1-0: Swinging Strike 1-1: TRIPLE (Flyball, 78XD, EV 110.6 MPH) Kyle Burns scores
|
|
Pinch Hitting: SHB Steve Langlois
|
0-0: Fly out, F9 (Flyball, 89D, EV 85.6 MPH)
|
|
Batting: RHB McGwire Jones
|
0-0: Ball 1-0: Foul Ball, location: 2F 1-1: Swinging Strike 1-2: Ball 2-2: Ball 3-2: Base on Balls
|
|
Batting: RHB Jonathan Winkler
|
0-0: Called Strike 0-1: Swinging Strike 0-2: Ball 1-2: Strikes out swinging
|
|
Batting: SHB Justin Towry
|
0-0: Called Strike 0-1: Ball 1-1: Ball 2-1: 3-RUN HOME RUN (Flyball, 9LD, EV 94.4 MPH), Distance : 354 ft
|
|
Pitching: LHP Marc Haigler
|
|
|
Batting: RHB Pablo Nunez
|
0-0: Foul Ball, location: 2F 0-1: Ball 1-1: Foul Ball, location: 2F 1-2: Strikes out swinging
|
| Top of the 7th over - 4 runs, 3 hits, 0 errors, 0 left on base; Johnson City 5 - Philadelphia (APP) 2 |
| BOTTOM OF THE 7TH |
|
Philadelphia (APP) Phillies batting - Pitching for Johnson City Cardinals : LHP David Salas
|
|
Now in CF: Jonathan Winkler
|
|
|
Now in RF: Edgar Klockow
|
|
|
Batting: RHB Juan Valadez
|
0-0: Ball 1-0: Ball 2-0: Swinging Strike 2-1: Ball 3-1: Swinging Strike 3-2: Foul Ball, location: 2F 3-2: Base on Balls
|
|
Pitching: RHP Ricky Enriquez
|
|
|
Batting: RHB Simon Mergeni
|
0-0: Ball 1-0: Swinging Strike 1-1: Called Strike 1-2: Foul Ball, location: 2F 1-2: Foul Ball, location: 2F 1-2: Grounds into double play, 6-4-3 (Groundball, 6D, EV 105.6 MPH)
|
|
Batting: LHB Travis Hahn
|
0-0: Ball 1-0: Ball 2-0: Foul Ball, location: 2F 2-1: Called Strike 2-2: Strikes out swinging
|
| Bottom of the 7th over - 0 runs, 0 hits, 0 errors, 0 left on base; Johnson City 5 - Philadelphia (APP) 2 |
| TOP OF THE 8TH |
|
Johnson City Cardinals batting - Pitching for Philadelphia (APP) Phillies : LHP Marc Haigler
|
|
Batting: RHB Chris Rouleau
|
0-0: Ball 1-0: Ball 2-0: Ball 3-0: Hit by Pitch
|
|
Batting: RHB Juan Carrillo
|
0-0: Ball Chris Rouleau steals 2nd base 1-0: Sac Bunt to 15S - play at first, batter OUT! 1-3 Chris Rouleau to third
|
|
Batting: RHB Kyle Burns
|
0-0: Called Strike 0-1: Ball 1-1: Ball 2-1: Called Strike 2-2: Ground out 6-3 (Groundball, 6MD, EV 81.2 MPH) Chris Rouleau scores
|
|
Batting: SHB Justin Houser
|
0-0: Ball 1-0: Foul Ball, location: 2F 1-1: Swinging Strike 1-2: Ball 2-2: Foul Ball, location: 2F 2-2: Strikes out swinging
|
| Top of the 8th over - 1 run, 0 hits, 0 errors, 0 left on base; Johnson City 6 - Philadelphia (APP) 2 |
| BOTTOM OF THE 8TH |
|
Philadelphia (APP) Phillies batting - Pitching for Johnson City Cardinals : RHP Ricky Enriquez
|
|
Batting: RHB Rafael Soto
|
0-0: Ball 1-0: Swinging Strike 1-1: Foul Ball, location: 2F 1-2: Ball 2-2: Strikes out swinging
|
|
Batting: LHB Jonathan Roman
|
0-0: Foul Ball, location: 2F 0-1: Foul Ball, location: 2F 0-2: Strikes out swinging
|
|
Batting: RHB Dave Gallegos
|
0-0: Foul Ball, location: 2F 0-1: Swinging Strike 0-2: Ball 1-2: Foul Ball, location: 2F 1-2: Ball 2-2: Ground out 6-3 (Groundball, 6, EV 75.6 MPH)
|
| Bottom of the 8th over - 0 runs, 0 hits, 0 errors, 0 left on base; Johnson City 6 - Philadelphia (APP) 2 |
| TOP OF THE 9TH |
|
Johnson City Cardinals batting - Pitching for Philadelphia (APP) Phillies : LHP Marc Haigler
|
|
Pitching: RHP Dave Gomez
|
|
|
Batting: RHB Edgar Klockow
|
0-0: Ground out 5-3 (Groundball, 5, EV 84.4 MPH)
|
|
Batting: RHB McGwire Jones
|
0-0: SOLO HOME RUN (Flyball, 78XD, EV 106.2 MPH), Distance : 404 ft
|
|
Batting: RHB Jonathan Winkler
|
0-0: Ball 1-0: Ball 2-0: Ball 3-0: Called Strike 3-1: Foul Ball, location: 2F 3-2: SINGLE (Line Drive, 34D, EV 102.5 MPH)
|
|
Batting: SHB Justin Towry
|
0-0: Ball 1-0: Ball Jonathan Winkler is caught stealing 2nd base 2-6 2-0: Foul Ball, location: 2F 2-1: Swinging Strike 2-2: Ball 3-2: Foul Ball, location: 2F 3-2: Base on Balls
|
|
Batting: RHB Pablo Nunez
|
0-0: Ball 1-0: Foul Ball, location: 2F 1-1: Ball 2-1: Called Strike 2-2: Reached on error, E4 (Groundball, 34D, EV 83.8 MPH) Justin Towry to second
|
|
Batting: RHB Chris Rouleau
|
0-0: Fielders Choice at 2nd, 5-4 (Groundball, 56, EV 101.2 MPH)
|
| Top of the 9th over - 1 run, 2 hits, 1 error, 2 left on base; Johnson City 7 - Philadelphia (APP) 2 |
| BOTTOM OF THE 9TH |
|
Philadelphia (APP) Phillies batting - Pitching for Johnson City Cardinals : RHP Ricky Enriquez
|
|
Batting: LHB Rich Kuehne
|
0-0: Foul Ball, location: 2F 0-1: Ball 1-1: Ball 2-1: Ground out U3 (Groundball, 3, EV 91.2 MPH)
|
|
Batting: SHB Brett St. Clair
|
0-0: Ball 1-0: SINGLE (Flyball, 8LS, EV 96.2 MPH)
|
|
Batting: RHB Joel Gomez
|
0-0: Called Strike 0-1: Swinging Strike 0-2: Ball 1-2: Ball 2-2: Fly out, F9 (Flyball, 9LM, EV 88.1 MPH)
|
|
Batting: RHB Juan Valadez
|
0-0: Ball 1-0: Ball 2-0: Ball 3-0: Called Strike 3-1: Ground out 4-3 (Groundball, 34, EV 103.8 MPH)
|
| Bottom of the 9th over - 0 runs, 1 hit, 0 errors, 1 left on base; Johnson City 7 - Philadelphia (APP) 2 |
|